 Dungeon Crawl Stone Soup version 0.30.1-4-g462c640d31 (webtiles) character file.

Game seed: 16298230759303891358

793 Arctor the Digger (level 7, -3/36 HPs)
             Began as a Gargoyle Earth Elementalist on Sept 18, 2023.
             Killed by divine providence
             ... invoked by an orc priest
              (16 damage)
             ... on level 5 of the Dungeon.
             The game lasted 00:05:43 (5253 turns).

Arctor the Digger (Gargoyle Earth Elementalist)     Turns: 5253, Time: 00:05:44

Health: -3/36      AC: 10    Str: 11    XL:     7   Next: 88%
Magic:  12/12      EV: 12    Int: 18    God:
Gold:   276        SH:  0    Dex: 10    Spells: 3/13 levels left

rFire   . . .        b - +2 dagger (venom)
rCold   . . .        (no shield)
rNeg    + . .        q - +0 robe
rPois   ∞            k - +1 hat
rElec   +            (no cloak)
rCorr   .            r - +0 pair of gloves
SInv    .            n - +1 pair of boots
Will    .....        (no amulet)
Stlth   +++          (no ring)
HPRegen 0.26/turn    (no ring)
MPRegen 0.13/turn

%: no passive effects
@: no status effects
A: sickness immunity, AC +4, negative energy resistance 1, electricity
resistance, torment resistance 1, petrification resistance
a: no special abilities


You were on level 5 of the Dungeon.
You visited 2 branches of the dungeon, and saw 6 of its levels.

You collected 276 gold pieces.

Inventory:

Hand Weapons
 a - a +2 arbalest of electrocution
 b - a +2 dagger of venom (weapon)
Armour
 k - a +1 hat (worn)
 n - a +1 pair of boots (worn)
 q - a +0 robe (worn)
 r - a +0 pair of gloves (worn)
Magical Staves
 s - a staff of poison
Jewellery
 v - a ring of magical power
Wands
 u - a wand of roots (12)
Scrolls
 c - 5 scrolls of poison
 g - a scroll of fear
 h - a scroll of summoning
 j - 4 scrolls of teleportation
 m - 3 scrolls of magic mapping
 p - a scroll of noise {unknown}
Potions
 d - 2 potions of flight {unknown}
 e - 2 potions of mutation {unknown}
 f - a potion of degeneration {unknown}
 i - 3 potions of attraction {unknown}
 l - a potion of heal wounds {unknown}
 o - 2 potions of curing {unknown}
 t - a potion of magic


   Skills:
 + Level 2.4 Ranged Weapons
 + Level 3.3 Dodging
 + Level 4.7 Stealth
 + Level 3.7 Spellcasting
 + Level 2.9 Transmutations
 + Level 5.5 Earth Magic


You had 3 spell levels left.
You knew the following spells:

 Your Spells              Type           Power      Damage    Failure   Level
a - Sandblast             Erth           46%        2d11      1%          1
b - Passwall              Tmut/Erth      15%        N/A       4%          2
c - Petrify               Tmut/Erth      18%        N/A       26%         4
d - Stone Arrow           Conj/Erth      26%        3d8       14%         3

Your spell library contained the following spells:

 Spells                   Type           Power      Damage    Failure   Level
 Hailstorm                Conj/Ice       3%         3d3       41%         3
 Ice Form                 Ice/Tmut       8%         N/A       63%         4
 Irradiate                Conj/Tmut      4%         3d13      93%         5
 Iskenderun's Battlesphe  Conj           3%         2d6       99%         5
 Iron Shot                Conj/Erth      6%         9d2       100%        6
 Simulacrum               Ice/Necr       1%         N/A       100%        6
 Spellforged Servitor     Conj/Summ      1%         N/A       100%        7
 Sublimation of Blood     Necr           Unusable   N/A       N/A         2

Dungeon Overview and Level Annotations

Branches:
Dungeon (5/15)             Temple (1/1) D:4

Altars:
Cheibriados
Dithmenos
Elyvilon
Fedhas
Gozag
Hepliaklqana
Makhleb
Okawaru
Qazlal
Ru
Trog
Uskayaw
Wu Jian
Xom
Zin
The Shining One

Annotations:
D:5 2 runed translucent doors, sheffield53's ghost, novice DECj


Innate Abilities, Weirdness & Mutations

You are immune to sickness and miasma.
Your stone body is resilient. (AC +4)
You are immune to poison.
You resist negative energy. (rN+)
You are resistant to electric shocks. (rElec)
You are resistant to unholy torment.
You are immune to petrification.


Message History

You kill the orc!
You hear a shout!
An orc priest comes into view. It is wielding a +1 heavy flail.
An orc comes into view. It is wielding a +0 short sword.
You shoot a bolt. The orc shouts!
The bolt hits the orc priest.
The orc priest is moderately wounded.
You shoot a bolt. The bolt hits the orc.
The orc is moderately wounded.
The orc priest looks braver for a moment.
You shoot a bolt. The bolt barely misses the orc.
The orc priest mumbles some strange prayers to Beogh against you.
Beogh smites you!
You shoot a bolt. The bolt hits the orc!
You kill the orc!
The orc priest calls down the wrath of Beogh upon you.
Beogh smites you!
The orc priest looks encouraged for a moment.
The orc closely misses you.
You are too injured to fight recklessly!
Unknown command.
Your +2 arbalest of electrocution stops crackling.
Your +2 dagger of venom begins to drip with poison!
b - a +2 dagger of venom (weapon)
You hit the orc.
The orc is poisoned.
The orc is heavily wounded.
The orc priest casts a cantrip, but nothing happens.
The orc misses you.
Okay, then.
You hit the orc.
The orc looks even sicker.
The orc is severely wounded.
The orc hits you but does no damage.
You closely miss the orc.
The orc is severely wounded.
You kill the orc!
The orc priest casts a cantrip, but nothing happens.
The orc priest mumbles some strange prayers to Beogh against you.
Beogh smites you!
You die...

....... #......
..............#
.......
..............#
.####..
......).......# #
##....[.......)...#
####......$.........#
#..................#
####..........#..o...#
#.##.......###..@#
..##.......##..#.#
.###...>......##.#
####.......###...#
...........###.###
.###.......#...# .#
#.........### ##
#######...## ##.....##


You could see an orc priest.

Vanquished Creatures
  An ogre (D:4)
  A centaur (D:5)
  A phantom (D:2)
  2 scorpions (D:5)
  2 jellies (D:5)
  A hound (D:4)
  An orc priest (D:4)
  An iguana (D:5)
  2 orc wizards (D:5)
  3 gnolls (D:3)
  10 adders
  A white imp (D:5)
  An ufetubus (D:5)
  3 worms
  2 dart slugs
  13 orcs
  7 ball pythons
  4 endoplasms
  A giant cockroach (D:3)
  12 goblins
  7 hobgoblins
  8 jackals
  6 quokkas
  6 bats
  A frilled lizard (D:2)
  3 kobolds
  5 rats
105 creatures vanquished.

Notes
Turn   | Place    | Note
-------+----------+-------------------------------------------
     0 | D:1      | Arctor the Gargoyle Earth Elementalist began the quest for
                  | the Orb.
     0 | D:1      | Reached XP level 1. HP: 10/10 MP: 3/3
    47 | D:1      | Found a faded altar of an unknown god.
   333 | D:1      | Reached skill level 1 in Transmutations
   333 | D:1      | Reached XP level 2. HP: 15/15 MP: 1/5
  1086 | D:2      | Learned a level 2 spell: Passwall
  1183 | D:2      | Reached XP level 3. HP: 19/19 MP: 4/6
  1286 | D:2      | Reached skill level 4 in Earth Magic
  1747 | D:2      | Reached XP level 4. HP: 24/24 MP: 5/7
  1952 | D:2      | Noticed a phantom
  1960 | D:2      | Killed a phantom
  1961 | D:2      | Reached XP level 5. HP: 16/28 MP: 3/9
  2900 | D:3      | Found a shadowy altar of Dithmenos.
  2926 | D:3      | Reached XP level 6. HP: 31/32 MP: 6/10
  3344 | D:4      | Reached skill level 1 in Ranged Weapons
  3462 | D:4      | Learned a level 4 spell: Petrify
  3510 | D:4      | Found an iron altar of Okawaru.
  3513 | D:4      | Found a glowing golden altar of the Shining One.
  3585 | D:4      | Found a staircase to the Ecumenical Temple.
  3657 | Temple   | Entered the Ecumenical Temple
  4058 | D:4      | Reached skill level 5 in Earth Magic
  4641 | D:5      | Entered Level 5 of the Dungeon
  4645 | D:5      | Reached XP level 7. HP: 36/36 MP: 11/11
  4714 | D:5      | Learned a level 3 spell: Stone Arrow
  5180 | D:5      | Found a large runed translucent door.
  5180 | D:5      | Found a large runed translucent door.
  5183 | D:5      | Noticed sheffield53's ghost (novice DECj)
  5253 | D:5      | Killed from afar by an orc priest

Illustrated notes

Levels and vault maps discovered:
D:1:      dpeg_arrival_pits, layout_loops_ring, shapermc_ecumenical_altar_gd,
          serial_bayou, serial_bayou_lagoon_b, serial_bayou_pond_e,
          serial_bayou_lagoon_a, serial_bayou_shore_b, serial_bayou_pond_a
D:2:      layout_basic, serial_bayou_ford_a, guppyfry_early_orc_mine
D:3:      layout_basic, grunt_dithmenos_smoke_and_mirrors
D:4:      layout_basic, nicolae_overflow_squiral,
          minmay_temple_entry_drinking_statues, eino_tiny_chamber
D:5:      layout_rooms, ebering_ghost_disaster_area, minivault_5
Temple:   nicolae_temple_bog_church

Skill      XL: |  1  2  3  4  5  6  7 |
---------------+----------------------+-----
Transmutations | 1 2 |  2.9
Earth Magic    | 4 5 |  5.5
Dodging        | 2 3 |  3.3
Stealth        | 3 4 |  4.7
Ranged Weapons | 1 2 |  2.4
Spellcasting   | 3 |  3.7

Action                     |  1- 3 |  4- 6 |  7- 9 || total
---------------------------+-------+-------+-------++-------
  Melee: Unarmed           |    21 |     6 |       ||    27
         Dagger            |       |       |     3 ||     3
   Fire: Arbalest          |       |    78 |    64 ||   142
   Cast: Sandblast         |    47 |    29 |       ||    76
    Use: Scroll            |     3 |     3 |     4 ||    10
   Stab: Sleeping          |     2 |       |       ||     2
 Armour: Robe              |    15 |    25 |    16 ||    56
  Dodge: Dodged            |    35 |    61 |    28 ||   124
